Map: Cerulean Fall LE

Players

Scarlett - Winner!

  • Race: Zerg Zerg
  • Spawn Location: 7:00

ShaDoWn

  • Race: Protoss Protoss
  • Spawn Location: 1:00

Event: WCS Montreal 2018

VOD

Have the link to the VOD?

Description

Time

  • Played on: Sept. 8, 2018, 10:22 a.m.
  • Length: 7:06

All games in this series

Show
View Real Time Build Order
Export as new Build Order

Scarlett Zerg - Winner!

Build Orders: 3 Hatch before Pool, Ravager All-In 

Get SALT Encoding   

  12  0:00  Drone  
  13  0:12  Overlord  
  13  0:17  Drone  
  14  0:30  Drone x2  
  16  0:36  Drone  
  17  0:46  Drone  
  18  0:56  Hatchery  
  17  0:59  Drone  
  18  1:19  Hatchery  
  18  1:21  Drone  
  18  1:33  Spawning Pool  
  18  1:39  Extractor, Drone  
  17  1:42  Extractor  
  17  1:44  Drone  
  17  1:48  Drone  
  17  1:52  Drone  
  19  2:02  Drone  
  21  2:12  Drone  
  22  2:21  Roach Warren  
  21  2:24  Spore Crawler, Queen  
  21  2:27  Overlord  
  23  2:33  Queen  
  25  2:37  Drone  
  26  2:46  Drone  
  26  2:50  Spine Crawler  
  26  2:55  Overlord  
  26  3:01  Roach x2  
  26  3:03  Roach  
  32  3:12  Queen  
  34  3:17  Roach  
  36  3:26  Ravager x3  
  39  3:28  Roach  
  39  3:30  Drone  
  39  3:33  Drone  
  43  3:38  Ravager  
  44  3:46  Spine Crawler  
  43  3:56  Spine Crawler  
  39  4:13  Spine Crawler  
  38  4:19  Roach  
  40  4:39  Ravager  
  40  4:42  Drone x3  
  44  4:49  Overlord  
  39  5:01  Overlord  
  39  5:02  Overlord  
  39  5:10  Roach  
  39  5:11  Ravager  
  39  5:27  Drone  
  39  5:33  Ravager  
  40  5:40  Drone  
  41  5:48  Queen  
  40  6:06  Roach x3  
  46  6:17  Drone x2  
  48  6:21  Drone  
  48  6:24  Queen  
  51  6:30  Ravager  
  51  6:31  Drone  
  47  6:42  Roach x2  
Show
View Real Time Build Order
Export as new Build Order

ShaDoWn Protoss 

Build Orders:  

Get SALT Encoding   

  12  0:00  Probe  
  13  0:12  Probe  
  14  0:17  Pylon  
  14  0:24  Probe  
  15  0:32  Probe  
  15  0:40  Gateway, Probe  
  16  0:49  Assimilator  
  17  0:51  Probe  
  18  1:03  Probe  
  19  1:06  Forge  
  19  1:15  Probe  
  20  1:27  Probe  
  20  1:28  Cybernetics Core  
  21  1:39  Pylon  
  21  1:58  Pylon  
  21  1:59  Photon Cannon  
  21  2:01  Pylon  
  21  2:11  Photon Cannon  
  21  2:13  Robotics Facility  
  21  2:16  Adept  
  23  2:23  Shield Battery  
  23  2:31  Shield Battery  
  23  2:38  Stalker  
  25  2:52  Photon Cannon  
  25  2:56  Photon Cannon  
  25  2:58  Immortal  
  28  3:23  Pylon  
  26  3:29  Shield Battery  
  26  3:36  Warp Prism  
  25  4:04  Immortal  
  10  4:41  Immortal  
Tags
 
Add a new tag
Caveats
  • Supply blocks, unpowered buildings, or Contaminate may cause inaccurate times.
  • Supply counts are checked every 10 seconds.